cohdb
Replays
Latest Replays
All Replays
Popular Replays
Top Player Replays
Match Explorer
How It Works
Community
CoH3 Stats
Reddit
Sign in to upload your games and track your stats! →
Sign in with Steam
Match 42354569
Unlisted
Match 42354569
Overview
Messages
Build Orders
End
Construct Infanterie Kompanie
Selects Mechanized Battlegroup
Grenadier Squad
Grenadier Squad
MG 42 Machine Gun Team
Construct Panzergrenadier Kompanie
MG 42 Bunker
Panzergrenadier Squad
Selects Raid Package
Construct Panzer Kompanie
Selects StuG Assault Group
Panzer IV Medium Tank
Pioneer Squad
Selects UNKNOWN (2160084)
Panther Heavy Tank
Selects Spotting Scopes
Sturmpanzer IV Brummbär
Forward Retreat Point
zmy 过来茵
CJ
Falafel
Cipher7442
gUi
Yotom
Murphy
Hellfire
0
0
Comments
sign in to comment!
No comments posted yet!